 Dungeon Crawl Stone Soup version 0.30-a0-4-ga7cffc901d (webtiles) character file.

Game seed: 513947290966574574

83 Setbun the Sneak (level 4, 0/25 HPs)
             Began as a Kobold Enchanter on Aug 20, 2022.
             Slain by an iguana (12 damage)
             ... on level 4 of the Dungeon.
             The game lasted 00:01:42 (2437 turns).

Setbun the Sneak (Kobold Enchanter)                 Turns: 2437, Time: 00:01:43

Health: 0/25       AC:  2    Str:  5    XL:     4   Next: 71%
Magic:  7/7        EV: 15    Int: 16    God:
Gold:   172        SH:  0    Dex: 17    Spells: 7/7 levels left

rFire   . . .      SeeInvis .    a - +1 dagger
rCold   . . .      Faith    .    (no shield)
rNeg    . . .      Spirit   .    b - +0 robe
rPois   .          Reflect  .    (no helmet)
rElec   .          Harm     .    (no cloak)
rCorr   .          Rampage  .    (no gloves)
Will    .....                    (no boots)
Stlth   ++++......               (no amulet)
HPRegen 0.08/turn                (no ring)
MPRegen 0.10/turn                (no ring)

@: no status effects
A: small, no large weapons, nightstalker 3
a: no special abilities


You were on level 4 of the Dungeon.
You visited 1 branch of the dungeon, and saw 4 of its levels.

You collected 172 gold pieces.

Inventory:

Hand Weapons
 a - a +1 dagger (weapon)
Armour
 b - a +0 robe (worn)
Wands
 n - a wand of flame (11)
 p - a wand of roots (7)
Scrolls
 d - a scroll of enchant weapon {unknown}
 h - 2 scrolls of identify {unknown}
 i - a scroll of poison {unknown}
 j - 2 scrolls of teleportation {unknown}
 r - a scroll of torment {unknown}
Potions
 c - 2 potions of invisibility
 e - a potion of degeneration {unknown}
 f - a potion of attraction {unknown}
 g - 2 potions of brilliance {unknown}
 k - a potion of cancellation {unknown}
 l - a potion of might {unknown}
 m - a potion of curing {unknown}
 o - a potion of berserk rage {unknown}
 q - a potion of ambrosia {unknown}


   Skills:
 + Level 1.6 Fighting
 + Level 2.6 Short Blades
 + Level 3.2 Dodging
 * Level 5.5 Stealth
 - Level 2.1 Spellcasting
 - Level 3.0 Hexes


You had 7 spell levels left.
You didn't know any spells.
Your spell library contained the following spells:

 Spells                   Type           Power      Damage    Failure   Level
 Ensorcelled Hibernation  Hex/Ice        12%        N/A       17%         2
 Confusing Touch          Hex            11%        N/A       19%         3
 Tukima's Dance           Hex            11%        N/A       19%         3
 Necrotise                Necr           4%         1d4       21%         1
 Shock                    Conj/Air       4%         1d3       21%         1
 Dazzling Flash           Conj/Hex       12%        N/A       32%         3
 Portal Projectile        Hex/Tloc       12%        N/A       32%         3
 Call Canine Familiar     Summ           1%         N/A       52%         3
 Conjure Flame            Conj/Fire      1%         6-21      52%         3
 Ignite Poison            Fire/Tmut/Pois 1%         N/A       52%         3
 Vampiric Draining        Necr           1%         2d6       52%         3
 Leda's Liquefaction      Hex/Erth       3%         N/A       73%         4
 Sticky Flame             Conj/Fire      1%         2d3       90%         4
 Agony                    Necr           1%         N/A       99%         5
 Iron Shot                Conj/Erth      0%         9d1       100%        6


Dungeon Overview and Level Annotations

Branches:
Dungeon (4/15)
 Temple: D:4-7

Altars:

Annotations:
D:3 Robin


Innate Abilities, Weirdness & Mutations

You are small and have problems with some larger weapons.
You are completely attuned to the shadows.


Message History

There is a stone staircase leading up here.
You barely miss the goblin. The goblin hits you with a +0 dagger.
You hit the goblin.
You kill the goblin!
You see here a +0 dagger.
You start resting.
HP restored.
j - 2 scrolls labelled XAETHAM VIAPUT (gained 1)
An iguana comes into view.
An iguana is nearby!
The iguana hisses angrily.
The iguana bites you!
Ouch! That really hurt!
You are too injured to fight recklessly!
You are too injured to fight recklessly!
You are too injured to fight recklessly!
You are too injured to fight recklessly!
You are too injured to fight recklessly!
You are too injured to fight recklessly!
You are too injured to fight recklessly!
You are too injured to fight recklessly!
You are too injured to fight recklessly!
You are too injured to fight recklessly!
You are too injured to fight recklessly!
You are too injured to fight recklessly!
You are too injured to fight recklessly!
You are too injured to fight recklessly!
You barely miss the iguana. The iguana misses you.
You hit the iguana but do no damage. The iguana closely misses you.
You barely miss the iguana. The iguana completely misses you.
You hit the iguana but do no damage. The iguana closely misses you.
You barely miss the iguana. The iguana closely misses you.
The iguana attacks as you move away! The iguana closely misses you.
The iguana attacks as you move away! The iguana barely misses you.
The iguana attacks as you move away! The iguana misses you.
Found a scroll labelled NIHEHECKIN.
You see here a scroll labelled NIHEHECKIN.
The iguana attacks as you move away! The iguana closely misses you.
The iguana attacks as you move away! The iguana bites you!
You die...

##### ....#
#...# #...#
#@..# #. #.l.#
#.# #.#.##
##..###...#
.#....#....#
#...........#
.........#..#
........###.#
..............


You could see an iguana.

Vanquished Creatures
  Jessica (D:2)
  A dart slug (D:1)
  3 bats
  10 endoplasms
  2 giant cockroaches (D:2)
  9 goblins
  A hobgoblin (D:1)
  5 jackals
  3 kobolds
  4 quokkas (D:1)
  A ball python (D:1)
  2 frilled lizards (D:2)
  5 rats
47 creatures vanquished.

Notes
Turn   | Place    | Note
-------+----------+-------------------------------------------
     0 | D:1      | Setbun the Kobold Enchanter began the quest for the Orb.
     0 | D:1      | Reached XP level 1. HP: 10/10 MP: 3/3
    32 | D:1      | Got the Octavo of Combative Curses
   177 | D:1      | Reached XP level 2. HP: 9/16 MP: 5/5
   599 | D:1      | Reached XP level 3. HP: 16/20 MP: 6/6
   681 | D:1      | Found a faded altar of an unknown god.
   699 | D:1      | Reached skill level 1 in Fighting
  1430 | D:2      | Reached skill level 5 in Stealth
  1621 | D:2      | Reached XP level 4. HP: 25/25 MP: 7/7
  1635 | D:2      | Noticed Jessica
  1646 | D:2      | Killed Jessica
  2217 | D:3      | Noticed Robin
  2437 | D:4      | Slain by an iguana

Illustrated notes

Levels and vault maps discovered:
D:1:      ncdulo_lavacross, layout_loops_corners,
          shapermc_ecumenical_altar_mp_highgroup
D:2:      layout_basic, minmay_ruptured, uniq_jessica
D:3:      layout_loops_ring, uniq_robin, uniq_ijyb
D:4:      layout_rooms, mainiacjoe_overflow_big_doors, serial_shops, shop,
          nicolae_shop_advertising_works [nicolae_subvault_shop_adworks],
          nicolae_diamond_shop, nicolae_shop_waterfront, uniq_sigmund

Skill      XL: |  1  2  3 |
---------------+----------+-----
Short Blades   | 2 |  2.6
Fighting       | 1 |  1.6
Stealth        | 5 |  5.5
Dodging        | 3 |  3.2
Spellcasting   | |  2.1
Hexes          | |  3.0

Action                   |  1- 3 |  4- 6 || total
-------------------------+-------+-------++-------
Melee: Dagger            |    76 |    28 ||   104
 Stab: Sleeping          |    24 |     3 ||    27
       Distracted        |     1 |       ||     1
Armor: Robe              |     8 |     2 ||    10
Dodge: Dodged            |    35 |    17 ||    52

Table legend: (Time is in decaauts)
 A = Elapsed time spent in this place.
 B = Non-inter-level travel time spent in this place.
 C = Inter-level travel time spent in this place.
 D = Time resting spent in this place.
 E = Time spent auto-exploring this place.
 F = Levels seen in this place.
 G = Mean time per level.
                   A        B        C        D        E       F      G
               +--------+--------+--------+--------+--------+-----+--------+
         Total |   2424 |   2369 |     55 |    177 |   1898 |   4 |  606.0 |
       Dungeon |   2424 |   2369 |     55 |    177 |   1898 |   4 |  606.0 |
               +--------+--------+--------+--------+--------+-----+--------+

Top non-repeatable levels by time:
     D:1: 1302 daAuts
     D:2: 839 daAuts
     D:4: 213 daAuts
     D:3: 69 daAuts
